 Dungeon Crawl Stone Soup version 0.28.0-43-g3370ac3207 (webtiles) character file.

Game seed: 5672898663756656023

78 jimonade the Slasher (level 4, -4/32 HPs)
             Began as a Gnoll Wanderer on Mar 16, 2022.
             Asphyxiated
             ... on level 3 of the Dungeon.
             The game lasted 00:09:55 (1742 turns).

jimonade the Slasher (Gnoll Wanderer)               Turns: 1742, Time: 00:09:56

Health: -4/32      AC:  2    Str: 10    XL:     4   Next: 36%
Magic:  5/8        EV: 15    Int: 11    God:
Gold:   30         SH:  5    Dex: 15    Spells: 8/9 levels left

rFire   . . .      SeeInvis .   a - +2 falchion
rCold   . . .      Faith    .   b - +0 buckler
rNeg    . . .      Spirit   .   c - +0 robe
rPois   .          Reflect  .   (no helmet)
rElec   .          Harm     .   (no cloak)
rCorr   .          Rampage  .   (no gloves)
Will    +....                   (no boots)
Stlth   ++........              (no amulet)
HPRegen 0.10/turn               f - +4 ring of evasion
MPRegen 0.11/turn               n - ring of willpower

@: lethally poisoned (-4 -> -36), slowed, very slow
A: fangs 1, strong nose, distributed training
a: no special abilities


You were on level 3 of the Dungeon.
You visited 1 branch of the dungeon, and saw 3 of its levels.

You collected 30 gold pieces.

Inventory:

Hand Weapons
 a - a +2 falchion (weapon)
Missiles
 e - 53 stones
 k - 18 arrows
 o - 5 poisoned darts
 r - 25 sling bullets
Armour
 b - a +0 buckler (worn)
 c - a +0 robe (worn)
 m - a +0 chain mail
Jewellery
 f - a +4 ring of evasion (left hand)
 n - a ring of willpower (right hand)
 q - a ring of fire
Scrolls
 i - a scroll of immolation {unknown}
 j - a scroll of teleportation {unknown}
 l - a scroll of blinking {unknown}
 p - a scroll of identify
Potions
 d - a potion of mutation
 g - a potion of resistance {unknown}
 h - a potion of flight {unknown}


   Skills:
 + Level 1.1 Fighting
 + Level 1.1 Short Blades
 + Level 6.6 Long Blades
 + Level 1.1 Axes
 + Level 1.1 Maces & Flails
 + Level 1.1 Polearms
 + Level 1.1 Staves
 + Level 1.1 Slings
 + Level 1.1 Bows
 + Level 1.1 Crossbows
 + Level 1.1 Throwing
 + Level 2.7 Armour
 + Level 1.1 Dodging
 + Level 1.1 Stealth
 + Level 2.7 Shields
 + Level 1.1 Unarmed Combat
 + Level 3.0 Spellcasting
 + Level 0.8 Conjurations
 + Level 5.4 Hexes
 + Level 0.8 Summonings
 + Level 0.8 Necromancy
 + Level 0.8 Translocations
 + Level 0.8 Transmutations
 + Level 0.8 Fire Magic
 + Level 0.8 Ice Magic
 + Level 0.8 Air Magic
 + Level 0.8 Earth Magic
 + Level 0.8 Poison Magic
 + Level 1.2 Invocations
 + Level 2.7 Evocations


You had 8 spell levels left.
You knew the following spells:

 Your Spells              Type           Power      Damage    Failure   Level
a - Slow                  Hex            52%        N/A       3%          1

Your spell library contained the following spells:

 Spells                   Type           Power      Damage    Failure   Level
 Confusing Touch          Hex            13%        N/A       11%         3
 Summon Guardian Golem    Hex/Summ       8%         N/A       28%         3
 Orb of Destruction       Conj           1%         9d5       100%        7
 Spellforged Servitor     Conj/Summ      1%         N/A       100%        7


Dungeon Overview and Level Annotations

Branches:
Dungeon (3/15)

Altars:

Shops:
D:1 (


Innate Abilities, Weirdness & Mutations

You have very sharp teeth.
Your uncanny sense of smell can sniff out nearby items.
Your experience applies equally to all skills.


Message History

Done exploring.
Done exploring.
Search for what [Enter for "."]? .
Unknown command.
There is a stone staircase leading down here.
You climb downwards.
There is a stone staircase leading up here.
You block the bat's attack.
You closely miss the bat. The bat completely misses you.
The bat closely misses you.
You slash the bat!
You kill the bat!
No target in view!
No target in view!
A kobold brigand comes into view.
It is wielding a +0 club and quivering curare-tipped darts.
Found a stone staircase leading down.
The kobold brigand throws a curare-tipped dart.
The curare-tipped dart barely misses you.
There is a stone staircase leading up here.
The kobold brigand resists with significant effort.
The kobold brigand throws a curare-tipped dart.
The curare-tipped dart hits you.
You are poisoned.
You have difficulty breathing.
You feel yourself slow down.
The kobold brigand resists with significant effort.
You feel very sick.
The kobold brigand seems to slow down.
You feel very sick.
The kobold brigand throws a curare-tipped dart.
The curare-tipped dart hits you.
You are lethally poisoned!
You have difficulty breathing.
You feel as though you will be slow longer.
* * * LOW HITPOINT WARNING * * *
You feel extremely sick.
The kobold brigand throws a curare-tipped dart.
The curare-tipped dart hits you.
You are more poisoned.
You have difficulty breathing.
You die...

#.# ###.#####
#<......#
###.####.#.###.#
........K.......
########.##.....
#.# .##.#
#.##.##.#
#.@.....#
####>#### # ∆


You could see a kobold brigand (slow).

Vanquished Creatures
  An orc wizard (D:2)
  An adder (D:2)
  A dart slug (D:2)
  2 orcs (D:2)
  4 endoplasms
  A giant cockroach (D:1)
  4 goblins
  4 hobgoblins
  3 jackals (D:1)
  3 kobolds (D:2)
  2 quokkas (D:2)
  2 ball pythons
  6 bats
  2 frilled lizards
  A rat (D:1)
37 creatures vanquished.

Notes
Turn   | Place    | Note
-------+----------+-------------------------------------------
     0 | D:1      | jimonade the Gnoll Wanderer began the quest for the Orb.
     0 | D:1      | jimonade set off with the following items: a +2 falchion, a
                  | +0 buckler, a +0 robe; and the following spell memorised:
                  | Slow; and the following spells available to memorise:
                  | Confusing Touch
     0 | D:1      | Reached XP level 1. HP: 13/13 MP: 4/4
    71 | D:1      | You fall into a shaft and drop 1 floor!
   125 | D:2      | Reached XP level 2. HP: 19/19 MP: 5/5
   378 | D:1      | Found a faded altar of an unknown god.
   537 | D:1      | Found Soesemp's Antique Weapon Shop.
   887 | D:1      | Reached XP level 3. HP: 23/25 MP: 4/7
  1163 | D:2      | Reached skill level 1 in Invocations
  1210 | D:2      | Reached skill level 1 in Fighting
  1210 | D:2      | Reached skill level 1 in Short Blades
  1210 | D:2      | Reached skill level 1 in Axes
  1210 | D:2      | Reached skill level 1 in Maces & Flails
  1210 | D:2      | Reached skill level 1 in Polearms
  1210 | D:2      | Reached skill level 1 in Staves
  1210 | D:2      | Reached skill level 1 in Slings
  1210 | D:2      | Reached skill level 1 in Bows
  1210 | D:2      | Reached skill level 1 in Crossbows
  1210 | D:2      | Reached skill level 1 in Throwing
  1210 | D:2      | Reached skill level 1 in Dodging
  1210 | D:2      | Reached skill level 1 in Stealth
  1210 | D:2      | Reached skill level 1 in Unarmed Combat
  1210 | D:2      | Reached XP level 4. HP: 22/32 MP: 6/8
  1730 | D:3      | Noticed a kobold brigand
  1742 | D:3      | Asphyxiated

Illustrated notes

Levels and vault maps discovered:
D:1:      noname_arrival_rooms_in_the_neighbourhood, layout_rooms, serial_shops,
          shop, shapermc_ecumenical_altar_acropolis
D:2:      layout_rooms
D:3:      layout_loops_ring, st_stairs_5, minmay_liquid_box

Skill      XL: |  1  2  3  4 |
---------------+-------------+-----
Invocations    | 1 |  1.2
Fighting       | 1 |  1.1
Short Blades   | 1 |  1.1
Axes           | 1 |  1.1
Maces & Flails | 1 |  1.1
Polearms       | 1 |  1.1
Staves         | 1 |  1.1
Slings         | 1 |  1.1
Bows           | 1 |  1.1
Crossbows      | 1 |  1.1
Throwing       | 1 |  1.1
Dodging        | 1 |  1.1
Stealth        | 1 |  1.1
Unarmed Combat | 1 |  1.1
Spellcasting   | 3 |  3.0
Long Blades    | |  6.6
Armour         | |  2.7
Shields        | |  2.7
Conjurations   | |  0.8
Hexes          | |  5.4
Summonings     | |  0.8
Necromancy     | |  0.8
Translocations | |  0.8
Transmutations | |  0.8
Fire Magic     | |  0.8
Ice Magic      | |  0.8
Air Magic      | |  0.8
Earth Magic    | |  0.8
Poison Magic   | |  0.8
Evocations     | |  2.7

Action                   |  1- 3 |  4- 6 || total
-------------------------+-------+-------++-------
Melee: Falchion          |    93 |    30 ||   123
       Bite              |     8 |     2 ||    10
Throw: Stone             |     6 |       ||     6
 Cast: Slow              |    16 |    13 ||    29
  Use: Scroll            |     1 |       ||     1
Armor: Robe              |    12 |     4 ||    16
Dodge: Dodged            |    78 |    24 ||   102
Block: Buckler           |    23 |     6 ||    29
